AoeStats
← wilsonso35

Arena

508665141Analyzed
4v4 RM · 8d ago on Sep 23, 2026· 46m 29s· 8 players
Game mode
Random Map
Map size
Large (8 player)
Population
200
Speed
Normal
Resources
Standard
Victory
Conquest
Starting age
Dark Age
Ending age
Imperial Age
RankedLock teamsTeams togetherTeam positionsShared explorationLock speedFull tech treeHidden civsTurbo modeCheats
Victory
Defeat
🇧🇴 Portuguese · Bolivia
1199
+14
🇦🇷 Persians · Argentina
1166
+15
🇭🇰 Khmer · Hong Kong SAR China
1151
+16
🇦🇷 Turks · Argentina
1151
+16
🇨🇳 Goths · China
1238
-20
🇦🇹 Inca · Austria
1130
-14
🇧🇪 Huns · Belgium
1121
-14
🇰🇷 Vietnamese · South Korea
1107
-13
Sabio Pervertido
2:24 Loom
9:44 Feudal Age
15:56 Castle Age
14:11 Horse Collar
22:24 Heavy Plow
23:33 Wheelbarrow
24:10 Hand Cart
23:45 Double-Bit Axe
25:30 Bow Saw
25:17 Gold Mining
25:17 Stone Mining
30:00 Imperial Age
27:36 Scale Barding Armor
27:41 Forging
28:30 Chain Barding Armor
29:15 Bloodlines
29:08 Husbandry
28:36 Light Cavalry
29:53 Iron Casting
29:36 Cavalier
30:52 Plate Barding Armor
32:24 Savar
33:52 Gold Shaft Mining
33:52 Stone Shaft Mining
34:56 Blast Furnace
34:56 Ballistics
35:36 Chemistry
34:06 Crossbowman
34:52 Thumb Ring
34:42 Fletching
35:16 Town Watch
35:36 Padded Archer Armor
35:05 Elite Skirmisher
36:28 Bodkin Arrow
37:19 Leather Archer Armor
38:07 Crop Rotation
37:40 Town Patrol
37:32 Hussar
39:19 Kamandaran
40:05 Ring Archer Armor
39:52 Capped Ram
41:34 Citadels
41:28 Scale Mail Armor
41:18 Capped Ram
42:21 Conscription
42:51 Chain Mail Armor
43:30 Caravan
44:42 Plate Mail Armor
43:35 Pikeman
44:16 Squires
44:37 Masonry
45:06 Hoardings
46:29 Architecture
45:55 Murder Holes
wilsonso35
11:54 Feudal Age
13:32 Wheelbarrow
12:44 Double-Bit Axe
12:42 Horse Collar
12:54 Gold Mining
15:59 Castle Age
16:55 Hand Cart
16:54 Bow Saw
16:46 Heavy Plow
17:35 Town Watch
18:28 Stone Mining
20:50 Gold Shaft Mining
23:07 Loom
29:08 Imperial Age
27:15 Caravan
28:01 Stone Shaft Mining
27:30 Town Patrol
27:55 Scale Barding Armor
28:06 Bloodlines
29:38 Chain Barding Armor
29:23 Husbandry
30:27 Crop Rotation
30:23 Conscription
31:48 Plate Barding Armor
31:38 Double Crossbow
33:41 Chemistry
34:14 Devotion
34:03 Elite Ballista Elephant
37:23 Siege Engineers
37:39 Ballistics
37:30 Masonry
37:30 Fortified Wall
37:19 Capped Ram
38:48 Forging
38:29 Fletching
39:01 Herbal Medicine
39:33 Tusk Swords
40:06 Architecture
41:38 Iron Casting
41:41 Siege Ram
42:53 Bodkin Arrow
45:29 Elite Battle Elephant
AgusJota
10:47 Feudal Age
15:53 Castle Age
17:02 Loom
17:17 Loom
22:32 Padded Archer Armor
26:17 Leather Archer Armor
27:16 Horse Collar
27:22 Double-Bit Axe
28:53 Bow Saw
35:19 Imperial Age
35:46 Wheelbarrow
42:56 Ring Archer Armor
44:26 Conscription
43:27 Elite Janissary
Zx0mB0Y
11:07 Feudal Age
15:02 Castle Age
12:58 Double-Bit Axe
13:13 Horse Collar
15:41 Gold Mining
22:17 Imperial Age
20:10 Stone Mining
21:26 Bow Saw
24:00 Chemistry
28:44 Padded Archer Armor
30:13 Fortified Wall
31:01 Leather Archer Armor
32:19 Ring Archer Armor
33:36 Coinage
33:15 Siege Engineers
33:19 Fletching
41:25 Banking
43:51 Bodkin Arrow
44:28 Circumnavigation
Alpenhime
10:35 Feudal Age
10:06 Loom
15:10 Castle Age
13:57 Double-Bit Axe
14:12 Horse Collar
17:44 Heavy Plow
20:52 Bow Saw
24:26 Gold Mining
24:49 Stone Mining
26:04 Fletching
26:16 Padded Archer Armor
25:53 Pikeman
26:40 Crossbowman
27:25 Thumb Ring
28:41 Bodkin Arrow
29:10 Ballistics
29:57 Leather Archer Armor
29:43 Scale Mail Armor
30:11 Fortified Wall
29:44 Treadmill Crane
33:51 Imperial Age
31:08 Town Watch
32:04 Wheelbarrow
31:44 Elite Skirmisher
35:33 Two-Man Saw
35:06 Crop Rotation
34:11 Arbalester
34:55 Bracer
35:57 Chemistry
35:31 Hand Cart
37:00 Ring Archer Armor
37:54 Chain Mail Armor
38:50 Halberdier
42:32 Plate Mail Armor
42:13 Forging
45:09 Iron Casting
44:55 Caravan
45:25 Coinage
45:05 Guilds
46:42 Banking
Bantum
10:57 Feudal Age
11:43 Double-Bit Axe
11:57 Loom
14:20 Castle Age
12:12 Horse Collar
14:01 Gold Mining
14:06 Stone Mining
14:14 Stone Mining
15:32 Loom
27:38 Scale Mail Armor
32:57 Forging
34:32 Wheelbarrow
33:52 Pikeman
34:48 Chain Mail Armor
35:09 Iron Casting
34:42 Squires
37:44 Iron Casting
41:42 Imperial Age
41:51 Halberdier
43:35 Hand Cart
44:46 Plate Mail Armor
45:16 Blast Furnace
44:49 Conscription
Toonzy
1:13 Loom
2:36 Loom
3:03 Loom
9:45 Feudal Age
10:16 Double-Bit Axe
11:27 Gold Mining
16:56 Castle Age
14:48 Stone Mining
16:19 Horse Collar
19:33 Scale Barding Armor
19:40 Forging
20:02 Heavy Plow
20:15 Bow Saw
20:44 Gold Shaft Mining
20:51 Gold Shaft Mining
26:58 Forging
27:51 Bloodlines
28:44 Wheelbarrow
29:59 Husbandry
36:42 Imperial Age
34:33 Hand Cart
34:03 Town Watch
34:49 Marauders
35:40 Iron Casting
35:26 Chain Barding Armor
35:08 Elite Skirmisher
36:14 Thumb Ring
36:27 Padded Archer Armor
36:50 Imperial Skirmisher
37:48 Light Cavalry
39:27 Conscription
38:32 Cavalier
40:15 Pikeman
40:55 Squires
40:41 Arson
41:02 Scale Mail Armor
42:03 Blast Furnace
43:29 Fletching
45:12 Two-Man Saw
45:16 Halberdier
46:22 Chain Mail Armor
46:23 Leather Archer Armor
会做梦的懒猪
10:17 Feudal Age
14:32 Castle Age
12:22 Double-Bit Axe
13:17 Loom
14:07 Wheelbarrow
15:32 Bow Saw
18:45 Horse Collar
19:55 Heavy Plow
24:07 Hand Cart
28:52 Imperial Age
25:56 Pikeman
26:36 Squires
28:06 Forging
27:57 Scale Mail Armor
28:02 Gold Mining
28:02 Stone Mining
29:24 Iron Casting
30:29 Chain Mail Armor
30:17 Anarchy
30:38 Conscription
31:20 Two-Man Saw
31:19 Crop Rotation
32:10 Chemistry
31:08 Murder Holes
31:12 Halberdier
32:54 Blast Furnace
38:45 Perfusion
Connection lost

Rejoining the realm…

Still unreachable

The connection could not be restored.

Session expired

The server has moved on; the page needs a fresh start.